 Dungeon Crawl Stone Soup version 0.18-a0-670-g393520a (webtiles) character file.

6026 Proton the Blocker (level 11, -3/86 HPs)
             Began as a Formicid Fighter on Dec 6, 2015.
             Was the Champion of Cheibriados.
             Slain by a three-headed hydra (4 damage)
             ... on level 9 of the Dungeon.
             The game lasted 00:17:43 (7798 turns).

Proton the Blocker (Formicid Fighter)               Turns: 7798, Time: 00:17:43

Health: -3/86      AC: 11    Str: 39    XL:     11   Next: 11%
Magic:  13/16      EV: 16    Int: 25    God:    Cheibriados [******]
Gold:   319        SH: 15    Dex: 28    Spells: 1 memorised, 6 levels left

rFire  . . .     SeeInvis +     x - +0 battleaxe
rCold  . . .     Clarity  .     y - +2 scale mail {MR+}
rNeg   + . .     SustAt   .     c - +0 shield
rPois  .         Gourm    .     (helmet unavailable)
rElec  .         Spirit   .     t - +0 cloak of Leaves {Int+2 Dex+3} (curse)
rCorr  .         Dismiss  .     (no gloves)
rMut   .         Stasis   +     (no boots)
MR     ++...                    (no amulet)
Stlth  +.........               (no ring)
                                q - ring of positive energy

@: very slow, very resistant to hostile enchantments, very unstealthy
A: permanent stasis, dig shafts and tunnels, four strong arms, antennae 3
a: Dig, Shaft Self, Bend Time, Temporal Distortion, Slouch, Step From Time,
Renounce Religion


You were on level 9 of the Dungeon.
You worshipped Cheibriados.
Cheibriados was exalted by your worship.
You were very hungry.

You visited 2 branches of the dungeon, and saw 10 of its levels.

You collected 619 gold pieces.
You spent 300 gold pieces at shops.

Inventory:

Hand Weapons
 x - a +0 battleaxe (weapon)
Missiles
 o - 2 tomahawks of returning (quivered)
Armour
 c - a +0 shield (worn)
 t - the cursed +0 cloak of Leaves (worn) {Int+2 Dex+3}
   (You found it on level 4 of the Dungeon)

   It affects your intelligence (+2).
   It affects your dexterity (+3).
   It has a curse placed upon it.
 y - a +2 scale mail of magic resistance (worn)
Jewellery
 q - a ring of positive energy (left hand)
Wands
 j - a wand of cold (9)
 l - a wand of teleportation (2)
 v - a wand of flame (9)
Scrolls
 b - 5 scrolls of remove curse {unknown}
 e - 3 scrolls of fear {unknown}
 h - 3 scrolls of amnesia {unknown}
 k - 2 scrolls of random uselessness {unknown}
 n - a scroll of enchant weapon {unknown}
 p - a scroll of noise
 w - 2 scrolls of enchant armour
 z - a scroll of magic mapping
Potions
 d - 2 potions of might
 f - 3 potions of lignification
 g - a potion of brilliance
 i - 4 potions of curing
 r - 2 potions of cancellation
 s - 2 potions of magic
Comestibles
 a - a beef jerky
 m - 3 meat rations
 u - 4 bread rations


   Skills:
 + Level 8.2 Fighting
 * Level 7.1 Axes
 + Level 7.9 Armour
 + Level 5.4 Dodging
 + Level 8.5 Shields
 + Level 1.4 Spellcasting
 + Level 0.7 Transmutations
 + Level 1.0 Earth Magic
 + Level 7.1 Invocations


You had 6 spell levels left.
You knew the following spells:

 Your Spells              Type           Power        Failure   Level  Hunger
a - Statue Form           Trmt/Erth      #........    100%        6    #######


Dungeon Overview and Level Annotations

Branches:
Dungeon (9/15)             Temple (1/1) D:4            Lair (0/8) D:9
    Orc: D:9-12

Altars:
Ashenzari
Cheibriados
Dithmenos
Elyvilon
Fedhas
Gozag
Kikubaaqudgha
Makhleb
Nemelex Xobeh
Okawaru
Pakellas
Qazlal
Ru
Sif Muna
Trog
Vehumet
Xom
Yredelemnul
Zin
The Shining One
Lugonu

Shops:
D:8 %(?[


Innate Abilities, Weirdness & Mutations

You are under a permanent stasis effect.
You can dig through walls and to a lower floor.
Your four strong arms can wield two-handed weapons with a shield.
You have a pair of large antennae on your head (SInv).


Message History

You block the three-headed hydra's attack.
The three-headed hydra bites you! x2
There is an open door, spattered with blood here.
The three-headed hydra is no longer moving slowly.
The three-headed hydra misses you.
You block the three-headed hydra's attack. x2
The three-headed hydra bites you! x2
* * * LOW HITPOINT WARNING * * *
You block the three-headed hydra's attack.
You block the three-headed hydra's attack.
The three-headed hydra bites you!
* * * LOW HITPOINT WARNING * * *
The three-headed hydra completely misses you.
Are you sure you want to shaft yourself?
You are feeling very hungry.
You block the three-headed hydra's attack.
The three-headed hydra bites you!
* * * LOW HITPOINT WARNING * * *
The three-headed hydra bites you.
You die...

#.........#
#.........#
#.........#
#...(.....#
#.(.......# ##
#########'### #..
#...<.....# #.#
###'######### #.#
#.#@........# #.#
#.#D#.#.###.# #.#
####{YY#.#.# #.#
##5########{K'K###.###
#.#
#.YZ......{.##...#.#
#.#
...#############.#.#
###.# ##.# #...#..
#...# #.#
##########'## #.#
####.....#


You could see a three-headed hydra, a yak, a big kobold and a sheep.

Vanquished Creatures
  A komodo dragon (D:9)
  A two-headed ogre (D:8)
  Sigmund (D:5)
  5 yaks (D:9)
  2 hungry ghosts (D:8)
  A hippogriff (D:9)
  Duvessa (D:7)
  3 sky beasts
  2 necrophages
  An ice beast (D:7)
  A wasp (D:8)
  2 black bears
  A phantom (D:6)
  2 ogres
  An orc warrior (D:6)
  5 centaurs
  6 giant frogs
  10 killer bees
  Dowan (D:7)
  6 scorpions
  2 vampire bats (D:5)
  4 wights (D:6)
  3 crimson imps
  A jelly (D:6)
  An orc priest (D:6)
  A giant frog zombie (D:6)
  A giant frog skeleton (D:5)
  2 centaur skeletons
  6 hounds
  5 orc wizards
  A gnoll shaman (D:6)
  6 iguanas
  A hound zombie (D:8)
  A worker ant zombie (D:6)
  Robin (D:2)
  13 gnolls
  10 adders
  2 shadow imps
  2 oozes
  4 worms (D:2)
  An adder skeleton (D:5)
  5 giant geckos (D:2)
  14 orcs
  21 bats
  2 bat skeletons (D:5)
  4 bat zombies (D:5)
  10 giant cockroaches
  18 goblins
  11 hobgoblins
  9 jackals
  10 kobolds
  A ball python (D:5)
  A giant gecko skeleton (D:5)
  A giant gecko zombie (D:7)
  6 giant newts
  A jackal zombie (D:5)
  3 quokkas
  2 quokka zombies (D:5)
  11 rats
  2 plants (D:9)
253 creatures vanquished.

Vanquished Creatures (others)
  3 plants (D:9)
3 creatures vanquished.

Grand Total: 256 creatures vanquished

Notes
Turn   | Place    | Note
--------------------------------------------------------------
     0 | D:1      | Proton the Formicid Fighter began the quest for the Orb.
     0 | D:1      | Reached XP level 1. HP: 18/18 MP: 1/1
    88 | D:1      | Reached XP level 2. HP: 22/24 MP: 2/2
   453 | D:1      | Reached XP level 3. HP: 6/29 MP: 3/3
   919 | D:2      | You fall through a shaft for 2 floors!
   940 | D:4      | Found a staircase to the Ecumenical Temple.
   947 | Temple   | Entered the Ecumenical Temple
  1181 | D:3      | Reached XP level 4. HP: 18/37 MP: 4/4
  1510 | D:2      | Reached skill level 4 in Armour
  1595 | D:2      | Found a snail-covered altar of Cheibriados.
  1609 | D:2      | Became a worshipper of Cheibriados the Contemplative
  1655 | D:2      | Reached XP level 5. HP: 31/42 MP: 5/5
  1788 | D:2      | Reached * piety under Cheibriados
  1886 | D:2      | Noticed Robin
  1906 | D:2      | Killed Robin
  2110 | D:3      | Reached ** piety under Cheibriados
  2171 | D:3      | Reached skill level 1 in Invocations
  2244 | D:3      | Found a shattered altar of Ashenzari.
  2259 | D:3      | Reached XP level 6. HP: 48/48 MP: 6/6
  2447 | D:3      | Found a blossoming altar of Fedhas.
  2746 | D:3      | Found an iron altar of Okawaru.
  2994 | D:4      | Got a polished cloak
  3005 | D:4      | Identified the cursed +0 cloak of Leaves {Int+2 Dex+3} (You found it on level 4 of the Dungeon)
  3049 | D:4      | Found a sparkling altar of Nemelex Xobeh.
  3123 | D:4      | Found a sacrificial altar of Ru.
  3166 | D:4      | Reached *** piety under Cheibriados
  3188 | D:4      | Reached skill level 1 in Dodging
  3316 | D:5      | Entered Level 5 of the Dungeon
  3378 | D:5      | Noticed Sigmund
  3387 | D:5      | Killed Sigmund
  3387 | D:5      | Reached XP level 7. HP: 46/55 MP: 8/8
  3391 | D:5      | Found an oddly glowing altar of Pakellas.
  3428 | D:5      | Found an ancient bone altar of Kikubaaqudgha.
  3510 | D:5      | Found a radiant altar of Vehumet.
  3564 | D:5      | Reached skill level 5 in Fighting
  3564 | D:5      | Reached skill level 5 in Shields
  3565 | D:5      | Reached **** piety under Cheibriados
  3565 | D:5      | Reached skill level 5 in Armour
  3829 | D:5      | Found a bloodstained altar of Trog.
  3882 | D:5      | Reached XP level 8. HP: 59/62 MP: 10/10
  4178 | D:6      | Reached ***** piety under Cheibriados
  4303 | D:6      | Reached skill level 6 in Shields
  4388 | D:6      | Reached skill level 5 in Axes
  4388 | D:6      | Reached XP level 9. HP: 40/69 MP: 10/12
  4656 | D:6      | Found a stormy altar of Qazlal.
  4754 | D:6      | Reached skill level 7 in Shields
  4765 | D:6      | Reached skill level 5 in Invocations
  5395 | D:7      | Noticed Duvessa
  5401 | D:7      | Noticed Dowan
  5411 | D:7      | Killed Dowan
  5634 | D:7      | Killed Duvessa
  5634 | D:7      | Reached XP level 10. HP: 66/79 MP: 14/14
  5885 | D:7      | Reached ****** piety under Cheibriados
  6379 | D:8      | Found Fiepan's Antique Armour Emporium.
  6384 | D:8      | Bought a shiny scale mail for 136 gold pieces
  6540 | D:8      | Found a sparkling altar of Nemelex Xobeh.
  6566 | D:8      | Found Eceut's Weapon Boutique.
  6571 | D:8      | Found Utiaquej's Food Shop.
  6581 | D:8      | Reached skill level 8 in Shields
  6628 | D:8      | Found Woxitoq's Magic Scroll Shop.
  6654 | D:8      | Bought a scroll of magic mapping for 52 gold pieces
  6654 | D:8      | Bought a scroll of enchant armour for 112 gold pieces
  6966 | D:8      | Found a glowing silver altar of Zin.
  6966 | D:8      | Found a white marble altar of Elyvilon.
  6967 | D:8      | Found a glowing golden altar of the Shining One.
  7136 | D:9      | Reached skill level 5 in Dodging
  7410 | D:9      | Found a staircase to the Lair.
  7560 | D:9      | Learned a level 6 spell: Statue Form
  7584 | D:9      | Found a burning altar of Makhleb.
  7638 | D:9      | Reached XP level 11. HP: 86/86 MP: 16/16
  7645 | D:9      | Reached skill level 1 in Spellcasting
  7645 | D:9      | Reached skill level 1 in Earth Magic
  7779 | D:9      | Noticed a three-headed hydra
  7798 | D:9      | HP: 1/86 [three-headed hydra (13)]
  7798 | D:9      | Slain by a three-headed hydra

Vault maps used:
D:1:      roderic_chinese_lattice_arrival, serial_glass, glass_columns_a,
          glass_columns_a, serial_bayou_lake_a
D:2:      kennysheep_goblin_castle, lemuel_doored_altar, st_stairs_5
D:3:      evilmike_ruin_ashenzari, overflow_temple_1_default, lemuel_round_altar
D:4:      kennysheep_mini, minmay_temple_entry_junction,
          nemelex_lonely_heart_becter
D:5:      kennysheep_vampire_church, kennysheep_little_box, grunt_pakellas_salt,
          first_bread, trog_three_pillars_becter, uniq_sigmund
D:6:      lemuel_round_altar, nrook_uturn, minivault_25, roderic_batcave,
          minmay_misc_feat_x, hex_medium
D:7:      uniq_duvessa
D:8:      good_gods_mini_temple, lemuel_round_altar, serial_shops, shop,
          shop_fountains, nicolae_shop_scaring_up_business, shop,
          roderic_greek_sauvastika
D:9:      makhleb_grotto_becter, david_lair_shrubbed, hangedman_ranch,
          kennysheep_generic_room_10
Temple:   corrupted_temple

Action                   |  1- 3 |  4- 6 |  7- 9 | 10-12 || total
-------------------------+-------+-------+-------+-------++-------
Melee: War axe           |   127 |   228 |   126 |       ||   481
       Battleaxe         |       |       |   151 |   191 ||   342
Invok: Bend Time         |       |       |       |     2 ||     2
 Abil: Dig               |       |     1 |     2 |       ||     3
       Shaft Self        |       |       |       |     1 ||     1
  Use: Potion            |       |     1 |       |       ||     1
       Scroll            |       |       |     5 |     4 ||     9
  Eat: Bread ration      |     1 |     1 |       |       ||     2
       Beef jerky        |       |       |     1 |     1 ||     2
       Meat ration       |       |       |       |     1 ||     1
